 Dungeon Crawl Stone Soup version 0.18.1-50-g88ac8fd (webtiles) character file.

101 LeonS the Skirmisher (level 4, 0/37 HPs)
             Began as a Mummy Berserker on Oct 4, 2016.
             Was a Believer of Trog.
             Slain by Sigmund
             ... wielding a +0 scythe
              (11 damage)
             ... on level 4 of the Dungeon.
             The game lasted 00:08:28 (2228 turns).

LeonS the Skirmisher (Mummy Berserker)              Turns: 2228, Time: 00:08:29

Health: 0/37       AC:  8    Str: 20    XL:     4   Next: 48%
Magic:  4/4        EV:  5    Int:  6    God:    Trog [**....]
Gold:   82         SH:  7    Dex: 12    Spells: 0 memorised, 3 levels left

rFire  . . .     SeeInvis .     k - +1 mace (drain)
rCold  + . .     Gourm    .     g - +0 chain mail
rNeg   + + +     Faith    .     j - +0 shield {rF+}
rPois  ∞         Spirit   .     (no helmet)
rElec  .         Dismiss  .     (no cloak)
rCorr  .         Reflect  .     (no gloves)
SustAt .         Harm     .     (no boots)
MR     .....                    (no amulet)
Stlth  ..........               (no ring)
                                (no ring)

@: about to teleport, not resistant to hostile enchantments, extremely
unstealthy
A: no food or potions, fire vulnerability, cold resistance 1, negative energy
resistance 3, torment resistance, unbreathing
a: Trog's Hand, Burn Spellbooks, Renounce Religion


You were on level 4 of the Dungeon.
You worshipped Trog.
Trog was pleased with you.
You were not hungry.

You visited 1 branch of the dungeon, and saw 4 of its levels.

You collected 82 gold pieces.

Inventory:

Hand Weapons
 a - a +3 long sword
 k - a +1 mace of draining (weapon)
Armour
 g - a +0 chain mail (worn)
 j - a +0 shield of fire resistance (worn)
Scrolls
 b - 3 scrolls of teleportation
 c - 6 scrolls of remove curse {unknown}
 d - a scroll of enchant armour {unknown}
 e - a scroll of recharging {unknown}
 f - 3 scrolls of identify {unknown}
 h - a scroll of fear {unknown}
 i - a scroll of random uselessness {unknown}


   Skills:
 * Level 4.0 Fighting
 - Level 2.9 Maces & Flails
 + Level 2.0 Armour
 * Level 2.2 Dodging
 + Level 0.5 Shields


You had 3 spell levels left.
You didn't know any spells.

Dungeon Overview and Level Annotations

Branches:
Dungeon (4/15)
 Temple: D:4-7

Altars:
Ru

Annotations:
D:4 Sigmund


Innate Abilities, Weirdness & Mutations

You do not eat or drink.
Your flesh is vulnerable to fire.
You are immune to poison.
Your flesh is cold resistant.
You are immune to negative energy.
You are immune to unholy pain and torment.
You can survive without breathing.


Message History

Sigmund is lightly wounded.
Sigmund hits you but does no damage.
Your shield and chain mail prevent you from hitting Sigmund.
Sigmund is lightly wounded.
Sigmund barely misses you.
Your shield and chain mail prevent you from hitting Sigmund.
Sigmund is lightly wounded.
Sigmund barely misses you.
You hit Sigmund but do no damage.
Sigmund is lightly wounded.
Sigmund hits you with a scythe.
* * * LOW HITPOINT WARNING * * *
You closely miss Sigmund.
Sigmund is lightly wounded.
Sigmund gestures at you while chanting. You resist with some effort.
As you read the scroll labeled ABRAOZ GUNNOTS, it crumbles to dust.
You feel strangely unstable.
It was a scroll of teleportation.
Sigmund hits you with a scythe!
You die...

#.# ... #.#
### #.# #.#
#.# #.# #.#
#.###### ###
#...@@.#...#
######..#
#.## ...
.....
.....#.
.........
....##.# ..
...8. .. .#


You could see Sigmund.

Vanquished Creatures
  An orc wizard (D:2)
  2 adders (D:2)
  An ooze (D:2)
  A worm (D:2)
  2 dart slugs (D:2)
  2 giant geckos
  An orc (D:3)
  4 giant cockroaches
  6 goblins (D:2)
  5 hobgoblins
  3 jackals (D:2)
  4 kobolds
  2 bats
  4 giant newts
  2 rats (D:2)
40 creatures vanquished.

Notes
Turn   | Place    | Note
--------------------------------------------------------------
     0 | D:1      | LeonS the Mummy Berserker began the quest for the Orb.
     0 | D:1      | Reached XP level 1. HP: 18/18 MP: 1/1
   363 | D:1      | You fall through a shaft!
   762 | D:1      | Reached XP level 2. HP: 24/24 MP: 2/2
  1010 | D:2      | Found a sacrificial altar of Ru.
  1031 | D:2      | Reached XP level 3. HP: 27/29 MP: 3/3
  1232 | D:2      | Reached ** piety under Trog
  1407 | D:2      | Reached XP level 4. HP: 27/37 MP: 4/4
  1435 | D:2      | Reached skill level 4 in Fighting
  2212 | D:4      | Noticed Sigmund
  2228 | D:4      | Slain by Sigmund

Skill      XL: |  1  2  3  4 |
---------------+-------------+-----
Dodging        | 2 |  2.2
Fighting       | 4 |  4.0
Armour         | 2 |  2.0
Maces & Flails | |  2.9
Shields        | |  0.5

Action                   |  1- 3 |  4- 6 || total
-------------------------+-------+-------++-------
Melee: Mace              |    87 |    62 ||   149
  Use: Scroll            |       |     1 ||     1
Armor: Animal skin       |     3 |       ||     3
       Chain mail        |    43 |    58 ||   101
Dodge: Dodged            |    39 |    19 ||    58
Block: Shield            |    15 |    41 ||    56
